 Dungeon Crawl Stone Soup version 0.30-a0-728-gc68057be0a (webtiles) character file.

Game seed: 8434253766267768488

4 sircluck the Chopper (level 1, 0/20 HPs)
             Began as a Hill Orc Cinder Acolyte on Jan 31, 2023.
             Was a High Priest of Ignis.
             Slain by a hobgoblin (4 damage)
             ... on level 1 of the Dungeon.
             The game lasted 00:01:18 (158 turns).

sircluck the Chopper (Hill Orc Cinder Acolyte)       Turns: 158, Time: 00:01:19

Health: 0/20       AC:  2    Str: 16    XL:     1   Next: 60%
Magic:  0/0        EV: 11    Int: 14    God:    Ignis [*****.]
Gold:   26         SH:  0    Dex:  6    Spells: 2/2 levels left

rFire   + . .      SeeInvis .    d - +1 long sword (antimagic)
rCold   . . .      Faith    .    (no shield)
rNeg    . . .      Spirit   .    b - +0 robe
rPois   .          Reflect  .    (no helmet)
rElec   .          Harm     .    (no cloak)
rCorr   .          Rampage  .    (no gloves)
Will    .....                    (no boots)
Stlth   +                        (no amulet)
HPRegen 0.23/turn                (no ring)
MPRegen 0.07/turn                (no ring)

@: no status effects
A: no striking features
a: Renounce Religion, Fiery Armour, Foxfire Swarm, Rising Flame


You were on level 1 of the Dungeon.
You worshipped Ignis.
Ignis was extremely pleased with you.
You visited 1 branch of the dungeon, and saw 1 of its levels.

You collected 26 gold pieces.

Inventory:

Hand Weapons
 a - a -1 hand axe of flaming
 d - a +1 antimagic long sword (weapon)
Armour
 b - a +0 robe (worn)
Potions
 c - a potion of heal wounds {unknown}


   Skills:
 + Level 3.8 Fighting
 + Level 4.0 Axes
 + Level 1.0 Spellcasting
 + Level 3.4 Fire Magic


You had 2 spell levels left.
You didn't know any spells.
Your spell library contained the following spells:

 Spells                   Type           Power      Damage    Failure   Level
 Scorch                   Fire           20%        2d6       10%         2


Dungeon Overview and Level Annotations

Branches:
Dungeon (1/15)

Altars:


Message History

The withered plant crumbles away. x2
The withered plant crumbles away.
You see here a +1 antimagic long sword.
d - a +1 antimagic long sword You drop a +1 antimagic long sword.
You see here a +1 antimagic long sword.
d - a +1 antimagic long sword Your -1 hand axe of flaming stops flaming.
You feel magic leave you.
d - a +1 antimagic long sword (weapon)
Unknown command.
Unknown command.
Found a spear.
You now have 26 gold pieces (gained 16).
A hobgoblin comes into view.
The hobgoblin shouts!
A hobgoblin is nearby!
The hobgoblin hits you. The hobgoblin closely misses you.
The hobgoblin closely misses you. The hobgoblin hits you.
The hobgoblin barely misses you. The hobgoblin misses you.
The hobgoblin barely misses you. The hobgoblin hits you.
The hobgoblin barely misses you. The hobgoblin closely misses you.
The hobgoblin closely misses you. The hobgoblin misses you.
The hobgoblin hits you.
The hobgoblin hits you but does no damage.
The hobgoblin barely misses you. The hobgoblin hits you.
* * * LOW HITPOINT WARNING * * *
The hobgoblin barely misses you. The hobgoblin closely misses you.
The hobgoblin hits you.
* * * LOW HITPOINT WARNING * * *
The hobgoblin hits you.
You die...

## ### #.# #..
.)# #.# #.# #.# #
#..#.####.#
#.#.#@g......
#.#...#####.#
##.....#
...##...#
##.##..## .#
#.##..# . #.#
#.##..# .. #.#
#.##..#
..####.####.#...#


You could see a hobgoblin.

Vanquished Creatures
  A bat (D:1)
  A hobgoblin (D:1)
  2 frilled lizards (D:1)
4 creatures vanquished.

Vanquished Creatures (others)
  5 withered plants (D:1)
5 creatures vanquished.

Grand Total: 9 creatures vanquished

Notes
Turn   | Place    | Note
-------+----------+-------------------------------------------
     0 | D:1      | sircluck the Hill Orc Cinder Acolyte began the quest for
                  | the Orb.
     0 | D:1      | Reached XP level 1. HP: 19/19 MP: 2/2
    66 | D:1      | Found a faded altar of an unknown god.
   158 | D:1      | Slain by a hobgoblin

Illustrated notes

Levels and vault maps discovered:
D:1:      nzn_arrival_crosshair, layout_loops_ring,
          ebering_ecumenical_altar_petrified

Action                     || total
---------------------------++-------
  Melee: Hand axe          ||    20
 Armour: Robe              ||     4
  Dodge: Dodged            ||    26

Table legend: (Time is in decaauts)
 A = Elapsed time spent in this place.
 B = Non-inter-level travel time spent in this place.
 C = Inter-level travel time spent in this place.
 D = Time resting spent in this place.
 E = Time spent auto-exploring this place.
 F = Levels seen in this place.
 G = Mean time per level.
                   A        B        C        D        E       F      G
               +--------+--------+--------+--------+--------+-----+--------+
         Total |    159 |    159 |      0 |      0 |     37 |   1 |  159.0 |
       Dungeon |    159 |    159 |      0 |      0 |     37 |   1 |  159.0 |
               +--------+--------+--------+--------+--------+-----+--------+

Top non-repeatable levels by time:
     D:1: 159 daAuts
